 Dungeon Crawl Stone Soup version 0.29.0-4-gdea44cf6ec (webtiles) character file.

Game seed: 4899383814789170735

98 qw the Chopper (level 4, -5/26 HPs)
             Began as a Tengu Warper on Aug 28, 2022.
             Was an Initiate of Okawaru.
             Slain by an iguana (6 damage)
             ... on level 4 of the Dungeon.
             The game lasted 00:00:16 (3258 turns).

qw the Chopper (Tengu Warper)                       Turns: 3258, Time: 00:00:17

Health: -5/26      AC:  6    Str: 12    XL:     4   Next: 69%
Magic:  8/8        EV:  3    Int: 17    God:    Okawaru [......]
Gold:   158        SH:  0    Dex: 13    Spells: 7/7 levels left

rFire   . . .      SeeInvis .   Y - +0 hand axe
rCold   . . .      Faith    .   (no shield)
rNeg    . . .      Spirit   .   e - +0 plate armour
rPois   .          Reflect  .   (helmet restricted)
rElec   .          Harm     .   (no cloak)
rCorr   .          Rampage  .   g - +0 pair of gloves
Will    .....                   (boots unavailable)
Stlth   ..........              (no amulet)
HPRegen 0.08/turn               (no ring)
MPRegen 0.11/turn               (no ring)

@: about to teleport
A: beak, talons 3, clever 1, deformed body, wild magic 1, no potion heal 1
a: Renounce Religion


You were on level 4 of the Dungeon.
You worshipped Okawaru.
Okawaru was noncommittal.
You visited 1 branch of the dungeon, and saw 4 of its levels.

You collected 158 gold pieces.


Innate Abilities, Weirdness & Mutations

You have a beak for a mouth.
You have claws for feet.
Your mind is acute. (Int +4, Str/Dex -1)
Armour fits poorly on your strangely shaped body.
Your spells are a little harder to cast, but a little more powerful.
Potions are less effective at restoring your health.


   Skills:
 - Level 2.0 Fighting
 - Level 5.1 Axes
 - Level 1.0 Throwing
 + Level 1.4 Armour
 - Level 2.1 Dodging
 - Level 2.0 Spellcasting
 - Level 2.4 Translocations


You had 7 spell levels left.
You didn't know any spells.
Your spell library contained the following spells:

 Spells                   Type           Power      Damage    Failure   Level
 Blink                    Tloc           24%        N/A       100%        2
 Gell's Gravitas          Tloc           12%        N/A       100%        3
 Lesser Beckoning         Tloc           12%        N/A       100%        3
 Teleport Other           Tloc           12%        N/A       100%        3
 Manifold Assault         Tloc           12%        N/A       100%        5

Inventory:

Hand Weapons
 i - a +0 whip
 Y - a +0 hand axe (weapon)
Missiles
 d - 2 boomerangs (quivered)
Armour
 e - a +0 plate armour (worn)
 g - a +0 pair of gloves (worn)
Scrolls
 l - a scroll of identify
Potions
 a - a potion of magic
 c - a potion of haste
 f - a potion of curing {unknown}
 h - a potion of cancellation {unknown}
 n - a potion of ambrosia {unknown}

Dungeon Overview and Level Annotations

Branches:
Dungeon (4/15)
 Temple: D:4-7

Altars:
Okawaru
Uskayaw

Portals:
Sewer: D:4


Message History

HP restored.
You see here a giant cockroach corpse.
f - a green potion You now have 158 gold pieces (gained 15).
An iguana comes into view.
The iguana hisses angrily.
Throw: 2 boomerangs
Press: ? - help, Q - select action Shift-Dir - straight line, f - iguana You throw a boomerang.
The boomerang hits the iguana!
The iguana is heavily wounded.
A hobgoblin comes into view.
Throw: 2 boomerangs
Press: ? - help, Q - select action Shift-Dir - straight line, f/p - iguana You throw a boomerang.
The boomerang closely misses the iguana.
The boomerang closely misses the hobgoblin.
The hobgoblin shouts!
You hear a shout!
Throw: 2 boomerangs
Press: ? - help, Q - select action Shift-Dir - straight line, f/p - iguana You throw a boomerang.
The boomerang closely misses the iguana.
A hound comes into view.
You hit the hound but do no damage. Your kick misses the hound.
You peck the hound.
The hound is moderately wounded.
The hound bites you but does no damage. The hound bites you.
You barely miss the iguana.
The iguana is heavily wounded.
You closely miss the hound. The iguana bites you! The hound bites you.
You hit the iguana. Your kick misses the iguana.
The iguana is heavily wounded.
You closely miss the hound. The hound bites you. The iguana bites you.
The hound bites you.
3258 ||| READING scroll of teleportation.
As you read the scroll of teleportation, it crumbles to dust.
You feel strangely unstable. The iguana bites you.
You die...

.. . ..
.##.##
..#..##
##.....###
.g#.#...###
#hl.......#
#@##..>...#
#.........##
###........#
###......##
#.......#
#....%..##
#~~~#.###.#
######...#
#~~~#...#.#
##..#
#~\~#.#...
### #.%#


You could see an iguana, a hound and a hobgoblin.

Vanquished Creatures
  2 adders (D:3)
  2 worms (D:2)
  2 dart slugs
  3 orcs (D:3)
  6 endoplasms
  5 giant cockroaches
  10 goblins
  3 hobgoblins (D:1)
  3 jackals (D:1)
  5 kobolds
  3 quokkas
  A ball python (D:1)
  9 bats
  3 frilled lizards
  3 rats
60 creatures vanquished.

Notes
Turn   | Place    | Note
-------+----------+-------------------------------------------
     0 | D:1      | qw the Tengu Warper began the quest for the Orb.
     0 | D:1      | Reached XP level 1. HP: 12/12 MP: 4/4
     0 | D:1      | 0 ||| qw: Version: 0.1-a-89-g26bdef1
     0 | D:1      | 0 ||| qw: Game counter: 1234
     0 | D:1      | 0 ||| qw: Always use a shield: true
     0 | D:1      | 0 ||| qw: God list: Okawaru
     0 | D:1      | 0 ||| qw: Allow faded altars: false
     0 | D:1      | 0 ||| qw: Do Orc after D:15 true
     0 | D:1      | 0 ||| qw: Do second Lair branch before Depths: true
     0 | D:1      | 0 ||| qw: Lair rune preference: random
     0 | D:1      | 0 ||| qw: Plans: Normal
     0 | D:1      | 0 ||| PLANNING D:1-11
   156 | D:1      | Reached skill level 3 in Axes
   156 | D:1      | Reached XP level 2. HP: 14/17 MP: 6/6
   531 | D:1      | 531 ||| Stepping ~*~*~tactically~*~*~ (stealth).
   589 | D:1      | 589 ||| DROPPING +0 club.
   612 | D:1      | Reached XP level 3. HP: 21/21 MP: 7/7
   747 | D:1      | Reached skill level 4 in Axes
  1157 | D:1      | 1157 ||| DROPPING +0 robe of the Archmagi.
  1158 | D:1      | 1158 ||| UPGRADING to +1 leather armour of poison
                  | resistance.
  1168 | D:1      | 1168 ||| DROPPING +0 leather armour.
  1169 | D:1      | 1169 ||| UPGRADING to +0 pair of gloves.
  1174 | D:1      | 1174 ||| READING scroll labelled KAOGHO ROEDUAR.
  1175 | D:1      | 1175 ||| READING 3 scrolls labelled BODWALOMUO.
  1176 | D:1      | 1176 ||| READING scroll labelled ELIEME CULU.
  1180 | D:1      | 1180 ||| READING 2 scrolls of identify.
  1180 | D:1      | 1180 ||| IDENTIFYING viscous clear potion
  1181 | D:1      | 1181 ||| DROPPING scroll of blinking.
  1182 | D:1      | 1182 ||| DROPPING potion of flight.
  1194 | D:2      | 1194 ||| STAIRDANCE
  1199 | D:2      | 1199 ||| STAIRDANCE
  1203 | D:1      | 1203 ||| Stepping ~*~*~tactically~*~*~ (stealth).
  1251 | D:2      | Found a hide-covered altar of Uskayaw.
  1253 | D:2      | 1253 ||| Stepping ~*~*~tactically~*~*~ (stealth).
  1255 | D:2      | 1255 ||| Stepping ~*~*~tactically~*~*~ (stealth).
  1350 | D:2      | 1350 ||| Stepping ~*~*~tactically~*~*~ (stealth).
  1352 | D:2      | 1352 ||| Stepping ~*~*~tactically~*~*~ (stealth).
  1353 | D:2      | 1353 ||| Stepping ~*~*~tactically~*~*~ (stealth).
  1355 | D:2      | 1355 ||| Stepping ~*~*~tactically~*~*~ (stealth).
  1357 | D:2      | 1357 ||| Stepping ~*~*~tactically~*~*~ (stealth).
  1574 | D:2      | Found a faded altar of an unknown god.
  1695 | D:2      | Reached XP level 4. HP: 25/26 MP: 8/8
  1991 | D:2      | 1991 ||| READING scroll labelled ADDASOLADI.
  2092 | D:2      | 2092 ||| DRINKING 2 red potions.
  2092 | D:2      | Gained mutation: You have hidden genetic defects. [potion
                  | of mutation]
  2092 | D:2      | Gained mutation: Potions are less effective at restoring
                  | your health. [potion of mutation]
  2092 | D:2      | Gained mutation: Your spells are a little harder to cast,
                  | but a little more powerful. [potion of mutation]
  2092 | D:2      | Gained mutation: Your mind is acute. (Int +4, Str/Dex -1)
                  | [potion of mutation]
  2093 | D:2      | 2093 ||| DRINKING potion of mutation.
  2093 | D:2      | Lost mutation: Potions are less effective at restoring your
                  | health. [potion of mutation]
  2093 | D:2      | Lost mutation: You have hidden genetic defects. [potion of
                  | mutation]
  2093 | D:2      | Gained mutation: You have hidden genetic defects. [potion
                  | of mutation]
  2094 | D:2      | 2094 ||| READING 2 scrolls of identify.
  2094 | D:2      | 2094 ||| IDENTIFYING smoky golden potion
  2132 | D:3      | Found an iron altar of Okawaru.
  2140 | D:3      | Became a worshipper of Warmaster Okawaru
  2461 | D:3      | 2461 ||| FLEEEEING.
  2462 | D:3      | 2462 ||| FLEEEEING.
  2463 | D:3      | 2463 ||| FLEEEEING.
  2464 | D:3      | 2464 ||| FLEEEEING.
  2465 | D:3      | 2465 ||| FLEEEEING.
  2471 | D:3      | 2471 ||| Stepping ~*~*~tactically~*~*~ (hiding).
  2472 | D:3      | 2472 ||| Stepping ~*~*~tactically~*~*~ (hiding).
  2483 | D:3      | Gained mutation: Armour fits poorly on your strangely
                  | shaped body. [hidden defects]
  2701 | D:3      | Reached skill level 5 in Axes
  2839 | D:3      | Gained mutation: Potions are less effective at restoring
                  | your health. [hidden defects]
  2839 | D:3      | Lost mutation: You have hidden genetic defects. [hidden
                  | defects expressed]
  3045 | D:3      | 3045 ||| UPGRADING to +0 plate armour.
  3055 | D:3      | 3055 ||| DROPPING +1 leather armour of poison resistance.
  3056 | D:3      | 3056 ||| READING scroll labelled IRYSEC ZOASOMP.
  3057 | D:3      | 3057 ||| DRINKING 2 bubbling black potions.
  3058 | D:3      | 3058 ||| DRINKING 2 bubbling orange potions.
  3059 | D:3      | 3059 ||| DROPPING potion of attraction.
  3078 | D:4      | 3078 ||| PLANNING SEWER
  3106 | D:4      | Found a glowing drain.
  3257 | D:4      | HP: 6/26 [iguana (1)]
  3257 | D:4      | HP: 1/26 [hound (5)]
  3258 | D:4      | 3258 ||| READING scroll of teleportation.
  3258 | D:4      | Slain by an iguana

Levels and vault maps discovered:
D:1:      wander_arrival_chamber, layout_loops_ring
D:2:      layout_loops_ring, basic_altar, hellmonk_ecumenical_altar_zigzags,
          feat_on_display
D:3:      layout_loops_ring, okawaru_metal_pillars_3, kennysheep_minor_cross
D:4:      layout_rooms, gup_sewer_entry_glass, serial_bayou_pond_d

Skill      XL: |  1  2  3  4 |
---------------+-------------+-----
Axes           | 3 4 5 |  5.1
Fighting       | |  2.0
Throwing       | |  1.0
Armour         | |  1.4
Dodging        | |  2.1
Spellcasting   | |  2.0
Translocations | |  2.4

Action                   |  1- 3 |  4- 6 || total
-------------------------+-------+-------++-------
Melee: Hand axe          |    98 |    45 ||   143
       Peck              |    19 |     8 ||    27
       Kick              |    19 |     9 ||    28
       Punch             |     2 |     1 ||     3
Throw: Boomerang         |     7 |    18 ||    25
  Use: Scroll            |     4 |     4 ||     8
       Potion            |       |     4 ||     4
Armor: Leather armour    |    21 |     7 ||    28
       Plate armour      |       |     7 ||     7
Dodge: Dodged            |    48 |    27 ||    75

Table legend:
 A = Non-vault XP
 B = Vault XP
 C = Vault XP percentage of total XP
 D = Non-vault monster count
 E = Vault monster count
 F = Vault count percentage of total count
                 A         B        C        D         E       F
            +---------+---------+-------+---------+---------+-------
      Total |     140 |       0 |   0.0 |      60 |       0 |   0.0
            +---------+---------+-------+---------+---------+-------
        D:1 |      59 |       0 |   0.0 |      33 |       0 |   0.0
        D:2 |      24 |       0 |   0.0 |      10 |       0 |   0.0
        D:3 |      46 |       0 |   0.0 |      11 |       0 |   0.0
        D:4 |      11 |       0 |   0.0 |       6 |       0 |   0.0
            +---------+---------+-------+---------+---------+-------
